[Event "Budapest Chess Festival 2024"]
[Site "Budapest"]
[Date "2024.05.31"]
[Round "9.17"]
[White "Bai, Adelard"]
[Black "Kantor, Gergely"]
[Result "1-0"]
[ECO "E48"]
[WhiteElo "2376"]
[BlackElo "2527"]
[Annotator "TA"]
[PlyCount "73"]
[EventDate "2024.05.20"]
[EventType "swiss"]
[EventCountry "HUN"]
[SourceTitle "playchess.com"]
[Source "ChessBase"]
[SourceQuality "1"]
[TimeControl "40/5400+30:1800+30"]

1. d4 Nf6 2. c4 e6 3. Nc3 Bb4 4. e3 O-O 5. Bd3 d5 6. a3 dxc4 7. Bxc4 Bxc3+ 8. bxc3 c5 9. Ne2 Qc7 {[%emt 0:00:50] White should prevent ...cxd4.} 10. Qd3 b6 11. e4 cxd4 {[%emt 0:08:01] The position is equal.} 12. cxd4 Nxe4 $1 {[%emt 0:01:00] aiming for ...Nd6.} 13. Bf4 ({Don't play} 13. Qxe4 Qxc4 14. O-O (14. Qxa8 $2 Nc6 $19) 14... Ba6 $17) 13... Qb7 14. O-O Bd7 15. Be5 {[%emt 0:12:13] This pair of bishops is nice.} Bc6 16. f3 Nf6 17. Bxf6 gxf6 18. Nf4 $36 {[%emt 0:00:52][%mdl 2048] d5 would now be deadly. Black is under pressure.} Nd7 19. Rac1 {[%emt 0:14:45] Black must now prevent d5.} Rad8 (19... Kh8 $11 {remains equal.}) 20. Ba2 {[%emt 0:04:19] White has more active pieces.} (20. Nh5 $16 {Ba6 is the strong threat.} Kh8 21. Ba6) 20... Qc7 $2 {[%emt 0:06:28][%mdl 8192] Loses the game.} ({Black should try} 20... Qb8 $14 21. Nh5 (21. Nxe6 fxe6 22. Bb1 Rf7 $19) 21... Ba8) 21. Nd5 $18 exd5 $2 ({But not} 21... Bxd5 22. Rxc7 Bxa2 23. Rxa7 $18) (21... Nc5) 22. Bb1 Rfe8 23. Qxh7+ Kf8 24. Qh6+ Ke7 25. Rfe1+ Kd6 26. Qf4+ Re5 27. dxe5+ fxe5 {[%emt 0:00:04] [#]} 28. Rxe5 $3 Nxe5 29. Qf6+ Kd7 {[%emt 0:01:21] [#]} 30. Bf5+ $1 Ke8 31. Re1 Bd7 32. Rxe5+ Be6 33. Bxe6 {[%emt 0:01:00] White mates.} Qc5+ 34. Kf1 Qc4+ 35. Kf2 Qc2+ 36. Kg3 fxe6 37. Qxe6+ {[%emt 0:00:10] Weighted Error Value: White=0.12 (very precise) /Black=0.57.  Loses game:     	---       	Black=1      Mistake:       	White=1     	Black=2      Inaccurate:     	White=1     	Black=1      OK:         	White=5     	Black=4      Best:        	White=3     	Black=3      Strong:       	---       	Black=1} 1-0

[Event "Budapest Chess Festival 2024"]
[Site "Budapest"]
[Date "2024.05.31"]
[Round "9.18"]
[White "Parkhov, Yair"]
[Black "Cieslak, Patryk"]
[Result "1-0"]
[ECO "D35"]
[WhiteElo "2510"]
[BlackElo "2369"]
[Annotator "TA"]
[PlyCount "79"]
[EventDate "2024.05.20"]
[EventType "swiss"]
[EventCountry "HUN"]
[SourceTitle "playchess.com"]
[Source "ChessBase"]
[SourceQuality "1"]
[TimeControl "40/5400+30:1800+30"]

1. d4 d5 2. c4 e6 3. Nc3 Nf6 4. cxd5 exd5 5. Bg5 Bb4 6. e3 h6 7. Bh4 g5 8. Bg3 Ne4 9. a3 Bxc3+ {[%emt 0:00:24] White has an edge.} 10. bxc3 Nc6 11. f3 Nxg3 12. hxg3 Qd6 13. Kf2 Be6 14. Qa4 O-O-O 15. Bb5 Kb8 16. Bxc6 Qxc6 17. Qxc6 bxc6 18. Ne2 Ka8 19. Rab1 Bf5 20. Rb4 Bc2 21. g4 a5 22. Rb2 Bg6 23. Rd1 (23. Rd2 $14) 23... Rb8 $11 24. Rdd2 h5 25. gxh5 Bxh5 {[%emt 0:01:26] [#]} (25... Rxh5 $11 26. Rxb8+ Kxb8) 26. c4 $1 $16 f6 {[%emt 0:11:32] A mistake that costs the game.} ({Better is} 26... Bg6 $1 $14) 27. cxd5 $18 cxd5 {[%emt 0:00:47] [#]} 28. Rbc2 $1 g4 29. Rxc7 gxf3 30. gxf3 {[%emt 0:00:05] Rc5 would now be deadly.} Bg6 (30... Rb3 {was necessary.} 31. a4 Be8) 31. Rc5 $1 Rh2+ 32. Kg3 Rbh8 $2 (32... Rh7 33. Nf4 (33. Rxa5+ Ra7 $18) (33. Rxd5 a4 $18) 33... a4 34. Nxg6 Rg8 35. Ra5+ Kb8 36. Rb2+ Rb7) 33. Rxa5+ {[%emt 0:00:40] White is clearly winning.} Kb7 34. Rb2+ ({And not} 34. Rxd5 R8h3+ 35. Kf4 Rh4+ 36. Kg3 R4h3+ 37. Kf4 Rh4+ 38. Kg3 R4h3+ $11) 34... Kc7 35. Rc5+ ({Stronger than} 35. Rxd5 R8h3+ 36. Kf4 Rh4+ 37. Kg3 R4h3+ 38. Kg4 (38. Kf4 Rh4+ 39. Kg3 R4h3+ $11) 38... Rh4+ 39. Kg3 R4h3+ $11) 35... Kd6 36. Rb6+ Kd7 37. Nf4 {[%emt 0:00:16] Intending Rb7+ and mate.} ({Weaker is} 37. Rxf6 R2h3+ 38. Kf4 R3h4+ 39. Kg3 (39. Kg5 R8h5+ 40. Kxg6 Rh6+ 41. Kg7 Rh7+ 42. Kg6 R7h6+ 43. Kg7 Rh7+ 44. Kg6 R7h6+ $11) 39... Rh3+ 40. Kf2 Rh2+ 41. Kg3 R2h3+ $11) 37... Be8 38. Rxf6 Rh1 39. Rxd5+ Kc8 40. e4 {[%emt 0:00:00] Weighted Error Value: White=0.24 (precise) /Black=0.23 (precise) .  Mistake:       	White=1     	Black=4      Inaccurate:     	White=1     	Black=1      OK:         	White=11    	Black=8      Best:        	White=2     	Black=1      Strong:       	White=2     	---} 1-0

[Event "Budapest Chess Festival 2024"]
[Site "Budapest"]
[Date "2024.05.31"]
[Round "9.19"]
[White "Arhan, Chethan Anand"]
[Black "Visakh N R"]
[Result "1/2-1/2"]
[ECO "C47"]
[WhiteElo "2366"]
[BlackElo "2511"]
[Annotator "TA"]
[PlyCount "48"]
[EventDate "2024.05.20"]
[EventType "swiss"]
[EventCountry "HUN"]
[SourceTitle "playchess.com"]
[Source "ChessBase"]
[SourceQuality "1"]
[TimeControl "40/5400+30:1800+30"]

1. e4 e5 2. Nf3 Nc6 3. Nc3 Nf6 4. d4 exd4 5. Nxd4 Bb4 6. Nxc6 bxc6 7. Bd3 d5 8. exd5 cxd5 9. O-O O-O 10. h3 Rb8 11. Be3 a5 ({And not} 11... d4 12. Bxd4 Be6 13. Bxa7 $18) 12. Bd4 {[%emt 0:16:59] The position is equal.} Be7 13. Qf3 Be6 14. Ne2 c5 15. Be5 Bd6 16. Bxd6 Qxd6 17. b3 Rb4 18. c3 Rh4 19. Qg3 Qxg3 20. fxg3 Rh5 21. Nf4 Re5 22. Rae1 Rxe1 23. Rxe1 Re8 24. Bb5 Rb8 {[%emt 0:00:53] Weighted Error Value: White=0.05 (flawless) /Black=0.07 (flawless) .  Inaccurate:     	White=1     	Black=2      OK:         	White=6     	Black=9} 1/2-1/2

[Event "Budapest Chess Festival 2024"]
[Site "Budapest"]
[Date "2024.05.31"]
[Round "9.20"]
[White "Borgaonkar, Akshay"]
[Black "Popovic, Dusan"]
[Result "1/2-1/2"]
[ECO "C41"]
[WhiteElo "2372"]
[BlackElo "2486"]
[Annotator "TA"]
[PlyCount "46"]
[EventDate "2024.05.20"]
[EventType "swiss"]
[EventCountry "HUN"]
[SourceTitle "playchess.com"]
[Source "ChessBase"]
[SourceQuality "1"]
[TimeControl "40/5400+30:1800+30"]

1. e4 d6 2. d4 Nf6 3. Nc3 e5 4. Nf3 Nbd7 5. Bc4 Be7 6. O-O {[%emt 0:00:17][%cal Oc4f7] [#] And now Bxf7+! would win.} Nb6 7. Be2 exd4 8. Nxd4 O-O {[%emt 0:00:05] White has an edge.} 9. a4 a5 $1 10. b3 Re8 11. f4 Bf8 12. Bf3 c6 13. Bb2 Nbd7 14. Qd2 Nc5 15. Rfe1 Qc7 (15... Bg4 $11) 16. Rad1 Bg4 17. Bxg4 Nxg4 {[%emt 0:00:30] The position is equal.} 18. Qe2 Nf6 19. Qf3 Rad8 20. Nf5 Re6 21. Nd4 Ree8 22. Nf5 Re6 23. Nd4 Ree8 {[%emt 0:00:22] Weighted Error Value: White=0.07 (flawless) /Black=0.08 (flawless) .  Mistake:       	---       	Black=1      Inaccurate:     	White=2     	---        OK:         	White=5     	Black=8      Strong:       	---       	Black=1} 1/2-1/2